| TOP OF THE 1ST |
|
London Majors batting - Pitching for Hamilton Cardinals : RHP Danny Cook
|
|
Pitching: RHP Danny Cook
|
|
|
Batting: RHB Frank Caulfield
|
0-0: Foul Ball, location: 2F 0-1: Ball 1-1: Ball 2-1: Ground out U3 (Groundball, 23, EV 81.3 MPH)
|
|
Batting: RHB Brock Van Gilder
|
0-0: Ball 1-0: Ball 2-0: Fly out, F4 (Line Drive, 4, EV 70.0 MPH)
|
|
Batting: RHB John Hering
|
0-0: Ball 1-0: Called Strike 1-1: Foul Ball, location: 2F 1-2: Fly out, F8 (Flyball, 8RD, EV 93.8 MPH)
|
| Top of the 1st over - 0 runs, 0 hits, 0 errors, 0 left on base; London 0 - Hamilton 0 |
| BOTTOM OF THE 1ST |
|
Hamilton Cardinals batting - Pitching for London Majors : RHP Philip Sonnichsen
|
|
Pitching: RHP Philip Sonnichsen
|
|
|
Batting: RHB Fortunato Fteira
|
0-0: Ball 1-0: Called Strike 1-1: Ball 2-1: Swinging Strike 2-2: Foul Ball, location: 2F 2-2: Ball 3-2: Strikes out swinging
|
|
Batting: RHB Pat Scaturro
|
0-0: DOUBLE (Line Drive, 9LS, EV 95.0 MPH)
|
|
Batting: LHB Billy Guzman
|
0-0: Foul Ball, location: 2F 0-1: Hit by Pitch
|
|
Batting: LHB Travis Ruppel
|
0-0: Foul Ball, location: 2F 0-1: Ball 1-1: Ball 2-1: Foul Ball, location: 2F 2-2: Ball 3-2: Strikes out swinging
|
|
Batting: RHB Tyler Walker
|
0-0: Ball 1-0: Fielders Choice at 2nd, 5-4 (Groundball, 56, EV 83.1 MPH)
|
| Bottom of the 1st over - 0 runs, 1 hit, 0 errors, 2 left on base; London 0 - Hamilton 0 |
| TOP OF THE 2ND |
|
London Majors batting - Pitching for Hamilton Cardinals : RHP Danny Cook
|
|
Batting: LHB Frank Nelson
|
0-0: Foul Ball, location: 2F 0-1: Ball 1-1: Called Strike 1-2: SOLO HOME RUN (Flyball, 89XD, EV 108.8 MPH), Distance : 411 ft
|
|
Batting: RHB Chris Martin
|
0-0: Called Strike 0-1: Ball 1-1: Ball 2-1: Ball 3-1: Foul Ball, location: 2F 3-2: Ground out U3 (Groundball, 3, EV 88.1 MPH)
|
|
Batting: RHB Erik Coleman
|
0-0: Called Strike 0-1: Called Strike 0-2: Foul Ball, location: 2F 0-2: Ball 1-2: Strikes out swinging
|
|
Batting: RHB Jake Bronner
|
0-0: Foul Ball, location: 2F 0-1: Ball 1-1: SINGLE (Line Drive, 4D, EV 96.9 MPH)
|
|
Batting: RHB Bobby Lasaguna
|
0-0: Foul Ball, location: 2F 0-1: Ball 1-1: Called Strike 1-2: Foul Ball, location: 2F 1-2: Ball Jake Bronner steals 2nd, throwing error, E2 Jake Bronner to third 2-2: Ball 3-2: SINGLE (Line Drive, 9LS, EV 105.6 MPH) Jake Bronner scores
|
|
Batting: RHB Terry Plumley
|
0-0: Ball Bobby Lasaguna steals 2nd base 1-0: Called Strike 1-1: Ball 2-1: Called Strike 2-2: Foul Ball, location: 2F 2-2: Foul Ball, location: 2F 2-2: Strikes out swinging
|
| Top of the 2nd over - 2 runs, 3 hits, 1 error, 1 left on base; London 2 - Hamilton 0 |
| BOTTOM OF THE 2ND |
|
Hamilton Cardinals batting - Pitching for London Majors : RHP Philip Sonnichsen
|
|
Batting: RHB Richard Riggs
|
0-0: Called Strike 0-1: Swinging Strike 0-2: Ball 1-2: Ball 2-2: Ground out U3 (Groundball, 3, EV 108.1 MPH)
|
|
Batting: LHB Jorge Zarazua
|
0-0: Ball 1-0: Ball 2-0: SINGLE (Groundball, 34D, EV 95.0 MPH)
|
|
Batting: RHB Kyle Burns
|
0-0: Swinging Strike Jorge Zarazua is caught stealing 2nd base 2-4 0-1: Swinging Strike 0-2: Ball 1-2: Ball 2-2: Strikes out swinging
|
| Bottom of the 2nd over - 0 runs, 1 hit, 0 errors, 0 left on base; London 2 - Hamilton 0 |
| TOP OF THE 3RD |
|
London Majors batting - Pitching for Hamilton Cardinals : RHP Danny Cook
|
|
Batting: RHB Frank Caulfield
|
0-0: Ball 1-0: Called Strike 1-1: Ball 2-1: Fly out, F9 (Flyball, 89M, EV 91.3 MPH)
|
|
Batting: RHB Brock Van Gilder
|
0-0: SINGLE (Groundball, 6MD, EV 98.1 MPH)
|
|
Batting: RHB John Hering
|
0-0: Ball Brock Van Gilder is caught stealing 2nd base 2-4 1-0: SINGLE (Groundball, 5S, EV 73.8 MPH) (infield hit)
|
|
Batting: LHB Frank Nelson
|
0-0: Ball 1-0: Called Strike 1-1: Foul Ball, location: 2F 1-2: Foul Ball, location: 2F 1-2: Foul Ball, location: 2F 1-2: Foul Ball, location: 2F 1-2: Fly out, F9 (Line Drive, 9D, EV 105.6 MPH)
|
| Top of the 3rd over - 0 runs, 2 hits, 0 errors, 1 left on base; London 2 - Hamilton 0 |
| BOTTOM OF THE 3RD |
|
Hamilton Cardinals batting - Pitching for London Majors : RHP Philip Sonnichsen
|
|
Batting: RHB Edgar Klockow
|
0-0: Fly out, F4 (Popup, 34D, EV 65.0 MPH)
|
|
Batting: RHB Fortunato Fteira
|
0-0: Called Strike 0-1: Called Strike 0-2: Ball 1-2: Strikes out swinging
|
|
Batting: RHB Pat Scaturro
|
0-0: Ball 1-0: Called Strike 1-1: Ball 2-1: Ball 3-1: Called Strike 3-2: Foul Ball, location: 2F 3-2: Base on Balls
|
|
Batting: LHB Billy Guzman
|
0-0: Called Strike 0-1: Ball 1-1: Ball 2-1: Ground out 6-3 (Groundball, 56D, EV 109.4 MPH)
|
| Bottom of the 3rd over - 0 runs, 0 hits, 0 errors, 1 left on base; London 2 - Hamilton 0 |
| TOP OF THE 4TH |
|
London Majors batting - Pitching for Hamilton Cardinals : RHP Danny Cook
|
|
Batting: RHB Chris Martin
|
0-0: SINGLE (Line Drive, 89S, EV 105.6 MPH)
|
|
Batting: RHB Erik Coleman
|
0-0: Called Strike 0-1: Ball 1-1: Ball 2-1: Ground out 5-3 (Groundball, 56, EV 105.6 MPH) Chris Martin to second
|
|
Batting: RHB Jake Bronner
|
0-0: Ball 1-0: Ground out 6-3 (Groundball, 6M, EV 106.9 MPH) Chris Martin to third
|
|
Batting: RHB Bobby Lasaguna
|
0-0: Ball 1-0: Called Strike 1-1: SINGLE (Groundball, 6MD, EV 110.0 MPH) Chris Martin scores
|
|
Batting: RHB Terry Plumley
|
0-0: Fly out, F7 (Flyball, 78D, EV 89.4 MPH)
|
| Top of the 4th over - 1 run, 2 hits, 0 errors, 1 left on base; London 3 - Hamilton 0 |
| BOTTOM OF THE 4TH |
|
Hamilton Cardinals batting - Pitching for London Majors : RHP Philip Sonnichsen
|
|
Batting: LHB Travis Ruppel
|
0-0: SOLO HOME RUN (Flyball, 89XD, EV 107.5 MPH), Distance : 424 ft
|
|
Batting: RHB Tyler Walker
|
0-0: Swinging Strike 0-1: Ball 1-1: Fly out, F7 (Flyball, 78XD, EV 105.0 MPH)
|
|
Batting: RHB Richard Riggs
|
0-0: Called Strike 0-1: Ball 1-1: Ball 2-1: Ground out U3 (Groundball, 3, EV 90.0 MPH)
|
|
Batting: LHB Jorge Zarazua
|
0-0: Foul Ball, location: 2F 0-1: Ball 1-1: Ball 2-1: Ball 3-1: Base on Balls
|
|
Batting: RHB Kyle Burns
|
0-0: Ball 1-0: 2-RUN HOME RUN (Flyball, 9LD, EV 94.4 MPH), Distance : 341 ft
|
|
Batting: RHB Edgar Klockow
|
0-0: Ball 1-0: Ball 2-0: Fly out, F7 (Line Drive, 7, EV 109.4 MPH)
|
| Bottom of the 4th over - 3 runs, 2 hits, 0 errors, 0 left on base; London 3 - Hamilton 3 |
| TOP OF THE 5TH |
|
London Majors batting - Pitching for Hamilton Cardinals : RHP Danny Cook
|
|
Batting: RHB Frank Caulfield
|
0-0: Ball 1-0: Called Strike 1-1: Ball 2-1: Ball 3-1: Foul Ball, location: 2F 3-2: Foul Ball, location: 2F 3-2: Strikes out swinging
|
|
Pitching: RHP Mike Hickey
|
|
|
Batting: RHB Brock Van Gilder
|
0-0: SINGLE (Groundball, 6S, EV 68.8 MPH) (infield hit)
|
|
Batting: RHB John Hering
|
0-0: Ball 1-0: Foul Ball, location: 2F 1-1: Ball Brock Van Gilder steals 2nd base 2-1: Called Strike 2-2: Ball 3-2: Foul Ball, location: 2F 3-2: Ground out 6-3 (Groundball, 6, EV 109.4 MPH)
|
|
Batting: LHB Frank Nelson
|
0-0: Called Strike 0-1: Ball 1-1: Ball 2-1: Ball 3-1: Called Strike 3-2: Fly out, F9 (Line Drive, 9, EV 92.5 MPH)
|
| Top of the 5th over - 0 runs, 1 hit, 0 errors, 1 left on base; London 3 - Hamilton 3 |
| BOTTOM OF THE 5TH |
|
Hamilton Cardinals batting - Pitching for London Majors : RHP Philip Sonnichsen
|
|
Batting: RHB Fortunato Fteira
|
0-0: Foul Ball, location: 2F 0-1: Ball 1-1: Ball 2-1: Foul Ball, location: 2F 2-2: Ball 3-2: Foul Ball, location: 2F 3-2: Fly out, F8 (Flyball, 89M, EV 85.0 MPH)
|
|
Batting: RHB Pat Scaturro
|
0-0: Ball 1-0: Ball 2-0: Fly out, F7 (Flyball, 7, EV 80.0 MPH)
|
|
Batting: LHB Billy Guzman
|
0-0: SINGLE (Groundball, 6D, EV 107.5 MPH)
|
|
Batting: LHB Travis Ruppel
|
0-0: Ball 1-0: Ball 2-0: Foul Ball, location: 2F 2-1: Called Strike 2-2: Foul Ball, location: 2F 2-2: Ball 3-2: Foul Ball, location: 2F 3-2: Foul Ball, location: 2F 3-2: Base on Balls Billy Guzman to second
|
|
Batting: RHB Tyler Walker
|
0-0: Ball 1-0: Ball 2-0: Swinging Strike 2-1: Called Strike 2-2: Foul Ball, location: 2F 2-2: Strikes out swinging
|
| Bottom of the 5th over - 0 runs, 1 hit, 0 errors, 2 left on base; London 3 - Hamilton 3 |
| TOP OF THE 6TH |
|
London Majors batting - Pitching for Hamilton Cardinals : RHP Mike Hickey
|
|
Batting: RHB Chris Martin
|
0-0: Ball 1-0: Ball 2-0: Called Strike 2-1: Ball 3-1: Called Strike 3-2: Ground out 5-3 (Groundball, 56, EV 85.6 MPH)
|
|
Batting: RHB Erik Coleman
|
0-0: Called Strike 0-1: Called Strike 0-2: Ball 1-2: Foul Ball, location: 2F 1-2: Ball 2-2: Strikes out swinging
|
|
Batting: RHB Jake Bronner
|
0-0: Ball 1-0: Called Strike 1-1: Swinging Strike 1-2: Strikes out looking
|
| Top of the 6th over - 0 runs, 0 hits, 0 errors, 0 left on base; London 3 - Hamilton 3 |
| BOTTOM OF THE 6TH |
|
Hamilton Cardinals batting - Pitching for London Majors : RHP Philip Sonnichsen
|
|
Batting: RHB Richard Riggs
|
0-0: Foul Ball, location: 2F 0-1: Ground out 4-3 (Groundball, 34, EV 83.1 MPH)
|
|
Batting: LHB Jorge Zarazua
|
0-0: Ball 1-0: Foul Ball, location: 2F 1-1: Foul Ball, location: 2F 1-2: Strikes out swinging
|
|
Batting: RHB Kyle Burns
|
0-0: Called Strike 0-1: Ball 1-1: Ground out 6-3 (Groundball, 6, EV 92.5 MPH)
|
| Bottom of the 6th over - 0 runs, 0 hits, 0 errors, 0 left on base; London 3 - Hamilton 3 |
| TOP OF THE 7TH |
|
London Majors batting - Pitching for Hamilton Cardinals : RHP Mike Hickey
|
|
Batting: RHB Bobby Lasaguna
|
0-0: Ball 1-0: Foul Ball, location: 2F 1-1: Called Strike 1-2: Fly out, F8 (Line Drive, 8RD, EV 88.8 MPH)
|
|
Batting: LHB Eddie Muniz
|
0-0: Ball 1-0: SOLO HOME RUN (Flyball, 89XD, EV 98.1 MPH), Distance : 410 ft
|
|
Batting: RHB Frank Caulfield
|
0-0: Swinging Strike 0-1: Ground out 4-3 (Groundball, 4D, EV 95.0 MPH)
|
|
Batting: RHB Brock Van Gilder
|
0-0: Called Strike 0-1: Ground out U3 (Groundball, 34S, EV 94.4 MPH)
|
| Top of the 7th over - 1 run, 1 hit, 0 errors, 0 left on base; London 4 - Hamilton 3 |
| BOTTOM OF THE 7TH |
|
Hamilton Cardinals batting - Pitching for London Majors : RHP Philip Sonnichsen
|
|
Pinch Hitting: RHB Joe Alley
|
0-0: Called Strike 0-1: Ground out U3 (Groundball, 34S, EV 88.8 MPH)
|
|
Batting: RHB Fortunato Fteira
|
0-0: Ball 1-0: Ball 2-0: Called Strike 2-1: Ball 3-1: Called Strike 3-2: Foul Ball, location: 2F 3-2: Base on Balls
|
|
Pitching: LHP Mike Hayden
|
|
|
Batting: RHB Pat Scaturro
|
0-0: Ball 1-0: Ball Fortunato Fteira steals 2nd base (no throw) 2-0: Ball 3-0: Base on Balls
|
|
Batting: LHB Billy Guzman
|
0-0: Foul Ball, location: 2F 0-1: Ball 1-1: Fly out, F8 (Line Drive, 78M, EV 98.8 MPH)
|
|
Batting: LHB Travis Ruppel
|
0-0: Called Strike 0-1: Ball 1-1: Called Strike 1-2: Foul Ball, location: 2F 1-2: Foul Ball, location: 2F 1-2: Ball 2-2: Strikes out looking
|
| Bottom of the 7th over - 0 runs, 0 hits, 0 errors, 2 left on base; London 4 - Hamilton 3 |
| TOP OF THE 8TH |
|
London Majors batting - Pitching for Hamilton Cardinals : RHP Mike Hickey
|
|
Pitching: RHP Nick Durham
|
|
|
Now in CF: Ivan Cortez
|
|
|
Batting: RHB John Hering
|
0-0: Foul Ball, location: 2F 0-1: Foul Ball, location: 2F 0-2: Foul Ball, location: 2F 0-2: Ball 1-2: Ground out 6-3 (Groundball, 6, EV 92.5 MPH)
|
|
Batting: LHB Frank Nelson
|
0-0: Fly out, F8 (Line Drive, 8RD, EV 99.4 MPH)
|
|
Pitching: RHP Mike Pemble
|
|
|
Batting: RHB Chris Martin
|
0-0: Foul Ball, location: 2F 0-1: Foul Ball, location: 2F 0-2: Ball 1-2: Strikes out swinging
|
| Top of the 8th over - 0 runs, 0 hits, 0 errors, 0 left on base; London 4 - Hamilton 3 |
| BOTTOM OF THE 8TH |
|
Hamilton Cardinals batting - Pitching for London Majors : LHP Mike Hayden
|
|
Pitching: RHP Matt Still
|
|
|
Now at C: Brock Van Gilder
|
|
|
Now at 1B: Bobby Roldan
|
|
|
Now at 3B: Pete Duncan
|
|
|
Batting: RHB Tyler Walker
|
0-0: Ball 1-0: Called Strike 1-1: SINGLE (Groundball, 6MD, EV 98.1 MPH)
|
|
Batting: RHB Richard Riggs
|
0-0: Ball 1-0: Swinging Strike 1-1: Ball 2-1: Ball 3-1: Swinging Strike 3-2: Foul Ball, location: 2F 3-2: Strikes out swinging
|
|
Pitching: LHP Mario Amore
|
|
|
Batting: LHB Jorge Zarazua
|
0-0: Ball 1-0: Called Strike 1-1: Ball 2-1: Foul Ball, location: 2F 2-2: Ball 3-2: Strikes out swinging
|
|
Batting: RHB Kyle Burns
|
0-0: Fielders Choice at 2nd, 6-4 (Groundball, 56D, EV 93.1 MPH)
|
| Bottom of the 8th over - 0 runs, 1 hit, 0 errors, 1 left on base; London 4 - Hamilton 3 |
| TOP OF THE 9TH |
|
London Majors batting - Pitching for Hamilton Cardinals : RHP Mike Pemble
|
|
Pitching: RHP Pabiyan Vetlitsky
|
|
|
Pinch Hitting: LHB Devin Huber
|
0-0: Fly out, F8 (Flyball, 89D, EV 85.0 MPH)
|
|
Batting: RHB Jake Bronner
|
0-0: Foul Ball, location: 2F 0-1: SINGLE (Groundball, 23, EV 88.8 MPH) (infield hit)
|
|
Batting: RHB Pete Duncan
|
0-0: Ball Jake Bronner is caught stealing 2nd base 2-4 1-0: Ball 2-0: Foul Ball, location: 2F 2-1: Ground out 4-3 (Groundball, 4, EV 103.8 MPH)
|
| Top of the 9th over - 0 runs, 1 hit, 0 errors, 0 left on base; London 4 - Hamilton 3 |
| BOTTOM OF THE 9TH |
|
Hamilton Cardinals batting - Pitching for London Majors : LHP Mario Amore
|
|
Pitching: RHP Sergio Valdivia
|
|
|
Now in LF: Luis Gomez
|
|
|
Batting: LHB Ivan Cortez
|
0-0: Ball 1-0: Swinging Strike 1-1: Swinging Strike 1-2: Ball 2-2: Foul Ball, location: 2F 2-2: Ball 3-2: Foul Ball, location: 2F 3-2: Foul Ball, location: 2F 3-2: Base on Balls
|
|
Batting: RHB Fortunato Fteira
|
0-0: Foul Ball, location: 2F 0-1: Swinging Strike 0-2: Ball 1-2: Fielders Choice at 2nd, 4-6 (Groundball, 4, EV 85.0 MPH)
|
|
Batting: RHB Pat Scaturro
|
0-0: Ball 1-0: Called Strike 1-1: Foul Ball, location: 2F 1-2: SINGLE (Line Drive, 7S, EV 100.6 MPH) Fortunato Fteira to second Runner from 2nd tries for 3rd, SAFE, throw by LF made to third
|
|
Batting: LHB Billy Guzman
|
0-0: Ball 1-0: Called Strike 1-1: Ball 2-1: Foul Ball, location: 2F 2-2: Ball 3-2: Ground out U3 (Groundball, 3, EV 86.9 MPH) Pat Scaturro to second
|
|
Batting: LHB Travis Ruppel
|
0-0: Intentional Walk
|
|
Batting: RHB Tyler Walker
|
0-0: Fly out, F8 (Flyball, 8LS, EV 83.1 MPH)
|
| Bottom of the 9th over - 0 runs, 1 hit, 0 errors, 3 left on base; London 4 - Hamilton 3 |
|